 Dungeon Crawl Stone Soup version 0.26-a0-540-g8a0c9464d7 (webtiles) character file.

Game seed: 9626892282877242368

106 vurker the Sneak (level 5, -8/43 HPs)
             Began as a Formicid Delver on Aug 25, 2020.
             Mangled by Prince Ribbit (16 damage)
             ... on level 6 of the Dungeon.
             The game lasted 00:01:39 (764 turns).

vurker the Sneak (Formicid Delver)                   Turns: 764, Time: 00:01:39

Health: -8/43      AC:  3    Str: 17    XL:     5   Next: 10%
Magic:  5/5        EV: 12    Int: 10    God:
Gold:   72         SH:  0    Dex: 12    Spells: 4/4 levels left

rFire    . . .     SeeInvis +   a - +0 hand axe
rCold    . . .     Faith    .   (no shield)
rNeg     . . .     Spirit   .   b - +0 leather armour
rPois    .         Reflect  .   (helmet unavailable)
rElec    .         Harm     .   (no cloak)
rCorr    .                      (no gloves)
MR       .....                  (no boots)
Stlth    +++.......             (no amulet)
HPRegen  0.14/turn              (no ring)
MPRegen  0.09/turn              (no ring)

@: no status effects
A: permanent stasis, dig shafts and tunnels, four strong arms, antennae 3
a: Dig, Shaft Self


You were on level 6 of the Dungeon.
You visited 1 branch of the dungeon, and saw 4 of its levels.

You collected 72 gold pieces.

Inventory:

Hand Weapons
 a - a +0 hand axe (weapon)
Armour
 b - a +0 leather armour (worn)
Wands
 h - a wand of polymorph (8)
   (You found it on level 6 of the Dungeon)
 v - a wand of digging (3)
Scrolls
 c - a scroll of fog
 d - a scroll of magic mapping
 e - a scroll of fear
 f - a scroll of identify {unknown}
 j - a scroll of teleportation {unknown}
Potions
 g - a potion of stabbing {unknown}
 i - a potion of berserk rage {unknown}


   Skills:
 + Level 4.3 Fighting
 * Level 4.1 Axes
 - Level 1.7 Dodging
 - Level 6.0 Stealth


You had 4 spell levels left.
You didn't know any spells.
Your spell library was empty.

Dungeon Overview and Level Annotations

Branches:
Dungeon (7/15)
 Temple: D:4-7

Altars:
Hepliaklqana

Annotations:
D:6 Prince Ribbit


Innate Abilities, Weirdness & Mutations

You cannot be hasted, slowed, berserked, paralysed or teleported.
You can dig through walls and to a lower floor.
Your four strong arms can wield two-handed weapons with a shield.
You have a pair of large antennae on your head. (SInv)


Message History

You close the door.
You start resting.
A leopard gecko comes into view.
You start resting.
A leopard gecko is nearby!
The leopard gecko hisses angrily.
You start resting.
A leopard gecko is nearby!
The leopard gecko misses you.
You miss the leopard gecko. The leopard gecko closely misses you.
You hit the leopard gecko. The leopard gecko misses you.
You hit the leopard gecko but do no damage.
The leopard gecko closely misses you.
The leopard gecko bites you but does no damage.
You barely miss the leopard gecko. The leopard gecko closely misses you.
You closely miss the leopard gecko. The leopard gecko closely misses you.
You slash the leopard gecko!
You kill the leopard gecko!
No target in view!
You start resting.
A howler monkey is nearby!
You see here a leopard gecko corpse.
The howler monkey howls!
You hear a croak.
You open the door. You hit the howler monkey.
Prince Ribbit says, "You're just another fly to me."
The howler monkey hits you but does no damage. x2
You hit the howler monkey. The howler monkey closely misses you.
You slash the howler monkey!
The howler monkey hoots and howls with incredible vigour!
You hear an angry growl.
You hear a bark!
You hear an angry hiss.
You hit the howler monkey.
You kill the howler monkey!
Your Axes skill increases to level 4!
You have reached level 5!
You closely miss Prince Ribbit. Prince Ribbit hits you! Prince Ribbit hits you.
Found a scroll labeled BEMYUZI LONY.
Prince Ribbit misses you.
Found a fizzy cyan potion.
Prince Ribbit hits you!
Found a leather armour.
You open the door. Prince Ribbit hits you!
* * * LOW HITPOINT WARNING * * *
Found a hazy altar of Hepliaklqana.
There is an open door here.
Prince Ribbit hits you!
You die...

#....#+###....#$ #...#....
#....+ .[ ...#....# #....#
#.! #..#....#####....####
#..##..#....#...#........
...........#...+.........
...............#.........
#...###.†.†.#.........
#+###...F@#..+###.........
#...?...###....######....h
#...........#..# ....
#..##..#....#..# ... #.
#..#....#..# #..#....#..#
...#....+..# ....+....#..#
######....#


You could see Prince Ribbit.

Vanquished Creatures
  A wyvern skeleton (D:6)
  A howler monkey (D:6)
  A shadow imp (D:6)
  A leopard gecko (D:6)
  2 giant cockroaches (D:6)
6 creatures vanquished.

Notes
Turn   | Place    | Note
-------+----------+-------------------------------------------
     0 | D:5      | vurker the Formicid Delver began the quest for the Orb.
     0 | D:5      | Reached XP level 1. HP: 18/18 MP: 1/1
    32 | D:4      | Noticed an ogre
    42 | D:4      | Noticed a worker ant
    46 | D:4      | You fall into a shaft and drop 3 floors!
    53 | D:7      | Noticed a centaur
   139 | D:6      | Noticed an iguana
   157 | D:6      | Noticed a wight
   200 | D:6      | Reached XP level 2. HP: 4/24 MP: 2/2
   463 | D:6      | Noticed a black bear
   486 | D:6      | Noticed Prince Ribbit
   503 | D:6      | Noticed a howler monkey
   522 | D:6      | Reached XP level 3. HP: 6/30 MP: 3/3
   522 | D:6      | Reached XP level 4. HP: 7/37 MP: 4/4
   755 | D:6      | Reached XP level 5. HP: 41/43 MP: 5/5
   762 | D:6      | Found a hazy altar of Hepliaklqana.
   764 | D:6      | Mangled by Prince Ribbit

Illustrated notes

Levels and vault maps discovered:
D:4:      layout_rooms, nicolae_zen_rock_garden, uniq_eustachio, uniq_grinder
D:5:      layout_cave_pools, minmay_temple_entry_glassed_door,
          kennysheep_okawaru_gauntlet
D:6:      layout_gridville, kennysheep_mini_moat, uniq_prince_ribbit1
D:7:      layout_basic, serial_corexii_hall, corexii_hall_statues_x,
          corexii_hall_statues_i, corexii_hall_statues_i, enter_bailey_1,
          gammafunk_ghost_nasty_kobolds

Skill      XL: |  1  2  3  4 |
---------------+-------------+-----
Fighting       | 4 |  4.3
Axes           | 3 4 |  4.1
Dodging        | |  1.7
Stealth        | |  6.0

Action                   |  1- 3 |  4- 6 || total
-------------------------+-------+-------++-------
Melee: Hand axe          |    25 |    10 ||    35
 Abil: Dig               |     1 |       ||     1
       Shaft Self        |     1 |       ||     1
Armor: Leather armour    |     4 |     3 ||     7
Dodge: Dodged            |    17 |     8 ||    25

Table legend: (Time is in decaauts)
 A = Elapsed time spent in this place.
 B = Non-inter-level travel time spent in this place.
 C = Inter-level travel time spent in this place.
 D = Time resting spent in this place.
 E = Time spent auto-exploring this place.
 F = Levels seen in this place.
 G = Mean time per level.
                   A        B        C        D        E       F      G
               +--------+--------+--------+--------+--------+-----+--------+
         Total |    769 |    764 |      5 |    454 |    109 |   4 |  192.2 |
       Dungeon |    769 |    764 |      5 |    454 |    109 |   4 |  192.2 |
               +--------+--------+--------+--------+--------+-----+--------+

Top non-repeatable levels by time:
     D:6: 712 daAuts
     D:4: 27 daAuts
     D:5: 18 daAuts
     D:7: 10 daAuts
